 Dungeon Crawl Stone Soup version 0.30-a0-802-gb92711bcdf (webtiles) character file.

Game seed: 185253692620828445

88 cforsyth the Sneak (level 4, 0/28 HPs)
             Began as a Kobold Brigand on Feb 24, 2023.
             Slain by a gnoll
             ... wielding a +0 whip
              (3 damage)
             ... on level 3 of the Dungeon on Feb 25, 2023.
             The game lasted 00:02:14 (2130 turns).

cforsyth the Sneak (Kobold Brigand)                 Turns: 2130, Time: 00:02:15

Health: 0/28       AC:  6    Str:  8    XL:     4   Next: 81%
Magic:  4/4        EV: 15    Int: 12    God:
Gold:   57         SH:  0    Dex: 18    Spells: 3/3 levels left

rFire   . . .      SeeInvis .    a - +2 dagger
rCold   . . .      Faith    .    (no shield)
rNeg    . . .      Spirit   .    b - +0 robe
rPois   .          Reflect  .    (no helmet)
rElec   .          Harm     .    c - +0 cloak
rCorr   .          Rampage  .    (no gloves)
Will    .....                    g - +2 pair of boots
Stlth   ++++                     (no amulet)
HPRegen 0.24/turn                (no ring)
MPRegen 0.09/turn                (no ring)

@: no status effects
A: small, no large weapons, nightstalker 3
a: no special abilities


You were on level 3 of the Dungeon.
You visited 1 branch of the dungeon, and saw 3 of its levels.

You collected 57 gold pieces.

Inventory:

Hand Weapons
 a - a +2 dagger (weapon)
Missiles
 d - 17 poisoned darts (quivered)
 e - 3 curare-tipped darts
 p - a throwing net
Armour
 b - a +0 robe (worn)
 c - a +0 cloak (worn)
 g - a +2 pair of boots (worn)
Jewellery
 n - a ring of resist corrosion
Scrolls
 f - 2 scrolls of identify {unknown}
 i - a scroll of fog {unknown}
 k - a scroll of acquirement {unknown}
 l - 3 scrolls of vulnerability {unknown}
 m - a scroll of teleportation {unknown}
Potions
 h - a potion of degeneration {unknown}
 j - a potion of curing {unknown}
 o - a potion of attraction {unknown}


   Skills:
 + Level 3.1 Fighting
 + Level 3.7 Short Blades
 - Level 2.1 Throwing
 + Level 2.7 Dodging
 + Level 6.1 Stealth


You had 3 spell levels left.
You didn't know any spells.
Your spell library was empty.

Dungeon Overview and Level Annotations

Branches:
Dungeon (3/15)

Altars:

Shops:
D:2 ?


Innate Abilities, Weirdness & Mutations

You are small and have problems with some larger weapons.
You are completely attuned to the shadows.


Message History

As you open the door, it creaks loudly!
You hear a shout! x2
There is an open door here.
p - a throwing net A gnoll comes into view.
It is wielding a +0 whip.
A gnoll is nearby!
You barely miss the gnoll. The gnoll hits you but does no damage.
You barely miss the gnoll. The gnoll barely misses you.
You hit the gnoll but do no damage. The gnoll hits you but does no damage.
A gnoll comes into view. It is wielding a +0 halberd.
The gnoll shouts!
You hit the gnoll.
The gnoll is lightly wounded.
You hear a shout! x4
You barely miss the gnoll.
The gnoll is lightly wounded.
The gnoll hits you with a +0 whip.
You barely miss the gnoll.
The gnoll is lightly wounded.
The gnoll hits you but does no damage.
You hit the gnoll.
The gnoll is moderately wounded.
The gnoll closely misses you. The gnoll misses you.
An orc comes into view.
It is wielding a +0 whip and wearing a +2 ring mail of poison resistance.
You hit the gnoll.
The gnoll is heavily wounded.
An orc comes into view. It is wielding a +0 whip.
The gnoll hits you with a +0 whip.
The gnoll hits you from afar with a +0 halberd!
You are too injured to fight recklessly!
You are too injured to fight recklessly!
You are too injured to fight recklessly!
You are too injured to fight recklessly!
You are too injured to fight recklessly!
The gnoll attacks as you move away! The gnoll hits you but does no damage.
The gnoll hits you from afar with a +0 halberd!
* * * LOW HITPOINT WARNING * * *
The gnoll attacks as you move away! The gnoll hits you but does no damage.
Unknown command.
The gnoll attacks as you move away! The gnoll hits you with a +0 whip.
You die...

#.#†........
#.#####.###### .###
#.# #....... .....
#.# #..########...#
#.# #..######.#...#
#.# #.............#
#.# #.###....g#.#.#
#.# #.# #...g.#....o
#.# #.# #..@..#...#.
#.# #.# #.....#...#
#.# #.# ###'#.#...#
#.# #.# #.#.#
#.#####.#####.#.#...#
#.#.........#.#.#...#
#.#.###.###.#.#.#...#
#.#.....# #...#.#...#
#.###########.#.....#
#


You could see 2 gnolls.

Vanquished Creatures
  4 adders (D:2)
  A worm (D:2)
  2 dart slugs
  6 endoplasms
  A giant cockroach (D:1)
  3 goblins
  A hobgoblin (D:1)
  4 jackals (D:1)
  3 quokkas
  6 ball pythons (D:1)
  4 bats
  4 frilled lizards
  4 kobolds
  3 rats (D:2)
46 creatures vanquished.

Notes
Turn   | Place    | Note
-------+----------+-------------------------------------------
     0 | D:1      | cforsyth the Kobold Brigand began the quest for the Orb.
     0 | D:1      | Reached XP level 1. HP: 12/12 MP: 1/1
   393 | D:1      | Reached XP level 2. HP: 18/18 MP: 2/2
   619 | D:1      | Found a faded altar of an unknown god.
   635 | D:1      | Reached XP level 3. HP: 16/22 MP: 3/3
  1223 | D:2      | Found Yrerchaim's Magic Scroll Shop.
  1244 | D:2      | Reached XP level 4. HP: 23/27 MP: 4/4
  1715 | D:2      | Reached skill level 6 in Stealth
  2130 | D:3      | Slain by a gnoll

Illustrated notes

Levels and vault maps discovered:
D:1:      eino_arrival_tree_alley, layout_basic,
          hellmonk_ecumenical_altar_dog_temple, minmay_liquid_box,
          hangedman_feature_mirror, nicolae_titane
D:2:      layout_loops_ring, serial_shops, shop, kennysheep_generic_room_15
D:3:      layout_basic, makhleb_altar_promises_db

Skill      XL: |  1  2  3  4 |
---------------+-------------+-----
Short Blades   | 3 |  3.7
Dodging        | 2 |  2.7
Fighting       | 3 |  3.1
Stealth        | 6 |  6.1
Throwing       | |  2.1

Action                     |  1- 3 |  4- 6 || total
---------------------------+-------+-------++-------
  Melee: Dagger            |    69 |    38 ||   107
   Stab: Sleeping          |    16 |    11 ||    27
         Distracted        |       |     1 ||     1
 Armour: Robe              |    21 |     8 ||    29
  Dodge: Dodged            |    53 |     8 ||    61

Table legend: (Time is in decaauts)
 A = Elapsed time spent in this place.
 B = Non-inter-level travel time spent in this place.
 C = Inter-level travel time spent in this place.
 D = Time resting spent in this place.
 E = Time spent auto-exploring this place.
 F = Levels seen in this place.
 G = Mean time per level.
                   A        B        C        D        E       F      G
               +--------+--------+--------+--------+--------+-----+--------+
         Total |   2113 |   2032 |     81 |      0 |   1753 |   3 |  704.3 |
       Dungeon |   2113 |   2032 |     81 |      0 |   1753 |   3 |  704.3 |
               +--------+--------+--------+--------+--------+-----+--------+

Top non-repeatable levels by time:
     D:1: 1074 daAuts
     D:2: 858 daAuts
     D:3: 180 daAuts
